PUB
BRONX BOMBERS @ EDMONTON TRAPPERS
04/25/1972
 
TOP OF THE 1ST
Bronx Bombers batting - Pitching for Edmonton Trappers : LHP Richard Fullerton
Pitching: LHP Richard Fullerton
Batting: RHB Juan Beniquez 0-0: Called Strike
0-1: Ball
1-1: Ball
2-1: SINGLE (Line Drive, 7LS, EV 93.8 MPH)
Batting: RHB Harrison Fluellen 0-0: Ball
1-0: Foul Ball, location: 9LMF
1-1: Ball
2-1: Ball
3-1: Fly out, F9 (Flyball, 9, EV 95.0 MPH)
Batting: RHB Domingo Mora 0-0: Called Strike
0-1: Ball
1-1: Ball
2-1: Ball
3-1: Grounds out, U3 (Groundball, 3L, EV 83.1 MPH)
Batting: RHB Roger Allen 0-0: Ball
Wild Pitch!
Juan Beniquez to third
1-0: Swinging Strike
1-1: Foul Ball, location: 2F
1-2: Foul Ball, location: 7LSF
1-2: Ball
2-2: Ball
3-2: Base on Balls
Batting: RHB Jim Wynn 0-0: Fly out, F7 (Flyball, 7S, EV 90.0 MPH)
Top of the 1st over - 0 runs, 1 hit, 0 errors, 2 left on base; Bronx 0 - Edmonton 0
BOTTOM OF THE 1ST
Edmonton Trappers batting - Pitching for Bronx Bombers : LHP Meddur Siwazuri
Pitching: LHP Meddur Siwazuri
Batting: RHB Simon Decker 0-0: Foul Ball, location: 9LDF
0-1: Ball
1-1: SINGLE (Line Drive, 8RS, EV 86.3 MPH)
Batting: SHB Joe Ramírez 0-0: Called Strike
0-1: Foul Ball, location: 9LMF
0-2: Foul Ball, location: 2F
0-2: Strikes out swinging
Simon Decker steals 2nd base
Batter strikes out.
Batting: LHB Emílio Martínez 0-0: Called Strike
0-1: Foul Ball, location: 3F
0-2: Ball
1-2: SINGLE (Line Drive, 78S, EV 92.5 MPH)
Simon Decker to third
Batting: RHB Arnie Pratt 0-0: SINGLE (Groundball, 6MD, EV 101.3 MPH)
Simon Decker scores
Emílio Martínez to second
Batting: RHB Dax Owen 0-0: Ball
1-0: Called Strike
1-1: SINGLE (Groundball, 6MD, EV 105.6 MPH)
Emílio Martínez to third
Arnie Pratt to second
Runner from 3rd tries for Home, SAFE, throw by CF to trailing runner, SAFE at third!
Batting: LHB Konosuke Ishida 0-0: Grounds into double play, 3-6-3 (Groundball, 3, EV 88.8 MPH)
Bottom of the 1st over - 2 runs, 4 hits, 0 errors, 1 left on base; Bronx 0 - Edmonton 2
TOP OF THE 2ND
Bronx Bombers batting - Pitching for Edmonton Trappers : LHP Richard Fullerton
Batting: LHB Chris Gunter 0-0: Ball
1-0: Called Strike
1-1: Swinging Strike
1-2: Strikes out looking
Batting: RHB Vince Hawkins 0-0: SINGLE (Line Drive, 89S, EV 98.8 MPH)
Batting: LHB Manuel López 0-0: Called Strike
0-1: Fly out, F4 (Popup, 4, EV 56.9 MPH)
Batting: LHB Meddur Siwazuri 0-0: Ball
1-0: Ball
2-0: Called Strike
2-1: Swinging Strike
2-2: Strikes out looking
Top of the 2nd over - 0 runs, 1 hit, 0 errors, 1 left on base; Bronx 0 - Edmonton 2
BOTTOM OF THE 2ND
Edmonton Trappers batting - Pitching for Bronx Bombers : LHP Meddur Siwazuri
Batting: RHB Zoilo Versalles 0-0: Ball
1-0: Fly out, F8 (Line Drive, 78M, EV 95.0 MPH)
Batting: LHB Peter Reece 0-0: Ball
1-0: Foul Ball, location: 7LMF
1-1: Ball
2-1: Called Strike
2-2: Strikes out swinging
Batting: SHB Richard Fullerton 0-0: Called Strike
0-1: Ball
1-1: Ball
2-1: Ball
3-1: Called Strike
3-2: SINGLE (Line Drive, 8LS, EV 102.5 MPH)
Batting: RHB Simon Decker 0-0: Ball
1-0: Fly out, F9 (Flyball, 9LD, EV 91.9 MPH)
Bottom of the 2nd over - 0 runs, 1 hit, 0 errors, 1 left on base; Bronx 0 - Edmonton 2
TOP OF THE 3RD
Bronx Bombers batting - Pitching for Edmonton Trappers : LHP Richard Fullerton
Batting: RHB Juan Beniquez 0-0: Ball
1-0: Ground out 6-3 (Groundball, 56, EV 84.4 MPH)
Batting: RHB Harrison Fluellen 0-0: Ball
1-0: Ball
2-0: Foul Ball, location: 9LSF
2-1: Swinging Strike
2-2: Foul Ball, location: 5F
2-2: SINGLE (Groundball, 6MS, EV 70.0 MPH) (infield hit)
Batting: RHB Domingo Mora 0-0: Called Strike
0-1: Ball
1-1: Ball
2-1: Fly out, F8 (Line Drive, 8RM, EV 86.9 MPH)
Batting: RHB Roger Allen 0-0: Ball
Harrison Fluellen is caught stealing 2nd base 2-4
Top of the 3rd over - 0 runs, 1 hit, 0 errors, 0 left on base; Bronx 0 - Edmonton 2
BOTTOM OF THE 3RD
Edmonton Trappers batting - Pitching for Bronx Bombers : LHP Meddur Siwazuri
Batting: SHB Joe Ramírez 0-0: Called Strike
0-1: Foul Ball, location: 5F
0-2: Foul Ball, location: 25F
0-2: Foul Ball, location: 7LMF
0-2: SINGLE (Groundball, 56S, EV 86.9 MPH)
Batting: LHB Emílio Martínez 0-0: Ball
1-0: Ball
2-0: Ball
3-0: Swinging Strike
3-1: Swinging Strike
3-2: Strikes out looking
Joe Ramírez steals 2nd base
Batter strikes out.
Batting: RHB Arnie Pratt 0-0: Ball
1-0: Called Strike
1-1: Ball
2-1: Ground out 6-3 (Groundball, 6, EV 101.9 MPH)
Joe Ramírez to third
Batting: RHB Dax Owen 0-0: Ball
1-0: Called Strike
1-1: Called Strike
1-2: Ground out 6-3 (Groundball, 6, EV 106.9 MPH)
Bottom of the 3rd over - 0 runs, 1 hit, 0 errors, 1 left on base; Bronx 0 - Edmonton 2
TOP OF THE 4TH
Bronx Bombers batting - Pitching for Edmonton Trappers : LHP Richard Fullerton
Batting: RHB Roger Allen 0-0: Called Strike
0-1: Swinging Strike
0-2: Strikes out looking
Batting: RHB Jim Wynn 0-0: Called Strike
0-1: Ball
1-1: Foul Ball, location: 5F
1-2: Ball
2-2: Strikes out swinging
Batting: LHB Chris Gunter 0-0: Fly out, F4 (Line Drive, 4, EV 70.6 MPH)
Top of the 4th over - 0 runs, 0 hits, 0 errors, 0 left on base; Bronx 0 - Edmonton 2
BOTTOM OF THE 4TH
Edmonton Trappers batting - Pitching for Bronx Bombers : LHP Meddur Siwazuri
Batting: LHB Konosuke Ishida 0-0: Called Strike
0-1: Ball
1-1: Called Strike
1-2: Strikes out swinging
Batting: RHB Zoilo Versalles 0-0: Ball
1-0: TRIPLE (Flyball, 89XD, EV 94.4 MPH)
Batting: LHB Peter Reece 0-0: 2-RUN HOME RUN (Flyball, 9D, EV 101.3 MPH), Distance : 403 ft
Batting: SHB Richard Fullerton 0-0: Ball
1-0: Ball
2-0: Foul Ball, location: 3FF
2-1: Foul Ball, location: 2F
2-2: Foul Ball, location: 2F
2-2: Foul Ball, location: 2F
2-2: Strikes out swinging
Batting: RHB Simon Decker 0-0: Ball
1-0: Ball
2-0: Ball
3-0: Ground out 5-3 (Groundball, 5S, EV 71.9 MPH)
Bottom of the 4th over - 2 runs, 2 hits, 0 errors, 0 left on base; Bronx 0 - Edmonton 4
TOP OF THE 5TH
Bronx Bombers batting - Pitching for Edmonton Trappers : LHP Richard Fullerton
Batting: RHB Vince Hawkins 0-0: Called Strike
0-1: SINGLE (Line Drive, 8RS, EV 97.5 MPH)
Batting: LHB Manuel López 0-0: Called Strike
0-1: Ball
1-1: Fly out, F3 (Line Drive, 34, EV 72.5 MPH)
Batting: LHB Meddur Siwazuri 0-0: Bunt missed!
0-1: Ball
1-1: Sac Bunt to 5S - play at first, batter OUT! 5-4
Vince Hawkins to second
Batting: RHB Juan Beniquez 0-0: Ball
1-0: Foul Ball, location: 23F
1-1: Foul Ball, location: 7LMF
1-2: Ball
2-2: Ball
3-2: Ground out 6-3 (Groundball, 6, EV 106.9 MPH)
Top of the 5th over - 0 runs, 1 hit, 0 errors, 1 left on base; Bronx 0 - Edmonton 4
BOTTOM OF THE 5TH
Edmonton Trappers batting - Pitching for Bronx Bombers : LHP Meddur Siwazuri
Batting: SHB Joe Ramírez 0-0: Ball
1-0: Foul Ball, location: 5SF
1-1: Ball
2-1: Ball
3-1: Called Strike
3-2: Base on Balls
Batting: LHB Emílio Martínez 0-0: Ball
1-0: Foul Ball, location: 2F
1-1: Ball
2-1: SINGLE (Groundball, 15, EV 68.8 MPH) (infield hit)
Joe Ramírez to second
Batting: RHB Arnie Pratt 0-0: Ball
1-0: Ball
2-0: Called Strike
2-1: Called Strike
2-2: Foul Ball, location: 2RF
2-2: Foul Ball, location: 2F
2-2: Ball
3-2: Base on Balls
Joe Ramírez to third
Emílio Martínez to second
Batting: RHB Dax Owen 0-0: Fly out, F7 (Line Drive, 7S, EV 94.4 MPH)
Batting: LHB Konosuke Ishida 0-0: Called Strike
0-1: Swinging Strike
0-2: Strikes out swinging
Batting: RHB Zoilo Versalles 0-0: Ball
1-0: Swinging Strike
1-1: Ball
2-1: Ball
3-1: Base on Balls
Joe Ramírez scores
Emílio Martínez to third
Arnie Pratt to second
Batting: LHB Peter Reece 0-0: Fly out, F8 (Flyball, 89M, EV 92.5 MPH)
Bottom of the 5th over - 1 run, 1 hit, 0 errors, 3 left on base; Bronx 0 - Edmonton 5
TOP OF THE 6TH
Bronx Bombers batting - Pitching for Edmonton Trappers : LHP Richard Fullerton
Batting: RHB Harrison Fluellen 0-0: Hit by Pitch
Batting: RHB Domingo Mora 0-0: Called Strike
0-1: Ball
1-1: Called Strike
1-2: Foul Ball, location: 5F
1-2: Ball
2-2: Foul Ball, location: 2F
2-2: Grounds into double play, 5-4-3 (Groundball, 5, EV 84.4 MPH)
Batting: RHB Roger Allen 0-0: Ball
1-0: Called Strike
1-1: Ball
2-1: Fly out, F4 (Popup, 4S, EV 68.8 MPH)
Top of the 6th over - 0 runs, 0 hits, 0 errors, 0 left on base; Bronx 0 - Edmonton 5
BOTTOM OF THE 6TH
Edmonton Trappers batting - Pitching for Bronx Bombers : LHP Meddur Siwazuri
Batting: SHB Richard Fullerton 0-0: Ball
1-0: Ball
2-0: Ball
3-0: Called Strike
3-1: Swinging Strike
3-2: Foul Ball, location: 2F
3-2: Fly out, F8 (Line Drive, 8LS, EV 94.4 MPH)
Batting: RHB Simon Decker 0-0: Ball
1-0: Foul Ball, location: 2F
1-1: Foul Ball, location: 5DF
1-2: Ball
2-2: SINGLE (Line Drive, 78M, EV 90.0 MPH)
Batting: SHB Joe Ramírez 0-0: Called Strike
0-1: Ball
1-1: Ball
2-1: Called Strike
2-2: Foul Ball, location: 2F
2-2: Ball
3-2: Foul Ball, location: 3F
3-2: Base on Balls
Simon Decker to second
Pitching: RHP Augusto Morales
Batting: LHB Emílio Martínez 0-0: Foul Ball, location: 7LMF
0-1: Fielders Choice at 2nd, 4-6 (Groundball, 4, EV 86.3 MPH)
Simon Decker to third
Batting: RHB Arnie Pratt 0-0: Called Strike
0-1: Ball
1-1: Ball
2-1: Foul Ball, location: 5FF
2-2: Foul Ball, location: 2F
2-2: Foul Ball, location: 7LMF
2-2: Fly out, F8 (Flyball, 8RM, EV 90.6 MPH)
Bottom of the 6th over - 0 runs, 1 hit, 0 errors, 2 left on base; Bronx 0 - Edmonton 5
TOP OF THE 7TH
Bronx Bombers batting - Pitching for Edmonton Trappers : LHP Richard Fullerton
Batting: RHB Jim Wynn 0-0: Ball
1-0: Swinging Strike
1-1: Called Strike
1-2: Strikes out looking
Batting: LHB Chris Gunter 0-0: Foul Ball, location: 2F
0-1: Called Strike
0-2: Strikes out swinging
Batting: RHB Vince Hawkins 0-0: Ball
1-0: Swinging Strike
1-1: Fly out, F9 (Line Drive, 9LM, EV 89.4 MPH)
Top of the 7th over - 0 runs, 0 hits, 0 errors, 0 left on base; Bronx 0 - Edmonton 5
BOTTOM OF THE 7TH
Edmonton Trappers batting - Pitching for Bronx Bombers : RHP Augusto Morales
Batting: RHB Dax Owen 0-0: Called Strike
0-1: Foul Ball, location: 3FF
0-2: Strikes out looking
Batting: LHB Konosuke Ishida 0-0: Called Strike
0-1: Ball
1-1: Swinging Strike
1-2: Ball
2-2: Fly out, F9 (Flyball, 89S, EV 96.9 MPH)
Batting: RHB Zoilo Versalles 0-0: Ball
1-0: Ground out 6-3 (Groundball, 6, EV 101.9 MPH)
Bottom of the 7th over - 0 runs, 0 hits, 0 errors, 0 left on base; Bronx 0 - Edmonton 5
TOP OF THE 8TH
Bronx Bombers batting - Pitching for Edmonton Trappers : LHP Richard Fullerton
Batting: LHB Manuel López 0-0: Called Strike
0-1: Ball
1-1: Ball
2-1: Foul Ball, location: 2F
2-2: Strikes out looking
Pinch Hitting: RHB Jeffery Reynolds 0-0: Ball
1-0: Swinging Strike
1-1: Called Strike
1-2: Strikes out swinging, 2-3 out at first.
Batting: RHB Juan Beniquez 0-0: Ball
1-0: Fly out, F3 (Line Drive, 3, EV 71.3 MPH)
Top of the 8th over - 0 runs, 0 hits, 0 errors, 0 left on base; Bronx 0 - Edmonton 5
BOTTOM OF THE 8TH
Edmonton Trappers batting - Pitching for Bronx Bombers : RHP Augusto Morales
Pitching: LHP Earl Ortega
Batting: LHB Peter Reece 0-0: Called Strike
0-1: Fly out, F8 (Flyball, 8RM, EV 95.0 MPH)
Batting: SHB Richard Fullerton 0-0: Fly out, F8 (Flyball, 89M, EV 95.0 MPH)
Batting: RHB Simon Decker 0-0: Ball
1-0: Swinging Strike
1-1: Ball
2-1: Called Strike
2-2: Ground out 4-3 (Groundball, 4, EV 88.1 MPH)
Bottom of the 8th over - 0 runs, 0 hits, 0 errors, 0 left on base; Bronx 0 - Edmonton 5
TOP OF THE 9TH
Bronx Bombers batting - Pitching for Edmonton Trappers : LHP Richard Fullerton
Batting: RHB Harrison Fluellen 0-0: Ball
1-0: Ball
2-0: Ball
3-0: Called Strike
3-1: Base on Balls
Pitching: LHP Dong-kyoon Song
Batting: RHB Domingo Mora 0-0: Hit by Pitch
Harrison Fluellen to second
Batting: RHB Roger Allen 0-0: Called Strike
0-1: Ball
1-1: Called Strike
1-2: Foul Ball, location: 9LDF
1-2: Strikes out swinging
Batting: RHB Jim Wynn 0-0: Ball
1-0: Ball
2-0: Called Strike
2-1: Swinging Strike
2-2: Strikes out swinging
Pinch Hitting: RHB José Rodríguez 0-0: Ball
1-0: Fielders Choice at 2nd, 6-4 (Groundball, 6, EV 105.0 MPH)
Top of the 9th over - 0 runs, 0 hits, 0 errors, 2 left on base; Bronx 0 - Edmonton 5
Friday, March 1st , 2024 - OOTP Baseball 24.8 Build 75